 Dungeon Crawl Stone Soup version 0.23.2-33-g5129a83184 (webtiles) character file.

Game seed: 14953665719346411612

70 t4s4d4r the Insei (level 4, 0/28 HPs)
             Began as an Octopode Transmuter on July 10, 2019.
             Slain by an adder (5 damage)
             ... on level 1 of the Dungeon.
             The game lasted 00:01:48 (1242 turns).

t4s4d4r the Insei (Octopode Transmuter)             Turns: 1242, Time: 00:01:49

Health: 0/28       AC:  1    Str:  9    XL:     4   Next: 21%
Magic:  3/7        EV: 13    Int: 16    God:
Gold:   89         SH:  0    Dex: 12    Spells: 1/7 levels left

rFire    . . .     SeeInvis .     - Unarmed
rCold    . . .     Gourm    .   (no shield)
rNeg     . . .     Faith    .   (helmet restricted)
rPois    .         Spirit   .   (no amulet)
rElec    .         Reflect  .   (no ring)
rCorr    .         Harm     .   (no ring)
MR       .....                  (no ring)
Stlth    ++........             (no ring)
HPRegen  0.09/turn              (no ring)
MPRegen  0.10/turn              (no ring)
                                (no ring)
                                (no ring)

@: very slightly contaminated
A: almost no armour, stealthy swim, amphibious, 8 rings, constrict 8, camouflage
1, gelatinous body 1
a: no special abilities


You were on level 1 of the Dungeon.
You were not hungry.

You visited 1 branch of the dungeon, and saw 2 of its levels.

You collected 89 gold pieces.

Inventory:

Missiles
 a - 8 arrows
Scrolls
 b - a scroll of fear {unknown}
 f - a scroll of amnesia {unknown}
 g - 2 scrolls of identify {unknown}
 h - a scroll of teleportation {unknown}
 i - a scroll of magic mapping {unknown}
Potions
 d - a potion of ambrosia {unknown}
 e - a potion of curing {unknown}
 k - a potion of agility {unknown}
Comestibles
 c - 4 rations
 j - 3 chunks of flesh


   Skills:
 - Level 1.0 Fighting
 - Level 2.0 Dodging
 + Level 4.9 Unarmed Combat
 - Level 2.0 Spellcasting
 - Level 2.0 Transmutations


You had one spell level left.
You knew the following spells:

 Your Spells              Type           Power        Failure   Level  Hunger
a - Beastly Appendage     Tmut           #.....       9%          1    #......
b - Sticks to Snakes      Tmut           #.......     14%         2    ###....
c - Spider Form           Tmut/Pois      #.........   38%         3    ###....

Your spell library contained the following spells:

 Spells                   Type           Power        Failure   Level  Hunger
 Ice Form                 Ice/Tmut       #.......     80%         4    #####..
 Blade Hands              Tmut           #.........   94%         5    ######.


Dungeon Overview and Level Annotations

Branches:
Dungeon (2/15)

Altars:


Innate Abilities, Weirdness & Mutations

You cannot wear most types of armour.
You are very stealthy in the water. (Stealth+)
You are amphibious.
You can wear up to eight rings at the same time.
You can use your tentacles to constrict eight enemies at once.
Your skin changes colour to match your surroundings (Stealth+).
Your rubbery body absorbs attacks. (AC +1, EV +1)


Message History

You are very lightly contaminated with residual magic.
Waves of light ripple over your body.
The adder hisses angrily.
The adder bites you.
* * * LOW HITPOINT WARNING * * *
The adder closely misses you. The adder bites you but does no damage.
The adder misses you. The adder bites you but does no damage.
There is a stone staircase leading up, spattered with blood here.
Things that are here:
a rat corpse; a jackal corpse The adder bites you.
* * * LOW HITPOINT WARNING * * *
You climb upwards.
There is a stone staircase leading down here.
Casting: Sticks to Snakes (safe; 14% risk of failure)
Confirm with . or Enter, or press ? or * to list all spells.
You create a snake!
You now have 8 arrows.
The adder bites you.
You die...

..###.....#
#..........# ..#
#.....# #..........#
♣ ..# #.....#
#..........# ♣ ..#
#.....# ##........##
♣ ### #.....#
#..........#########♣
#######
#.......^...÷.)....#♣
#.S[.......#######.'.
#.(........# ###♣
#..S@......#
##........##
##......## ########


You could see an adder and a friendly adder.

Vanquished Creatures
  An adder (D:2)
  2 oozes (D:1)
  A dart slug (D:1)
  A leopard gecko (D:2)
  A ball python (D:1)
  2 bats (D:1)
  6 goblins
  12 hobgoblins
  4 jackals
  2 kobolds (D:2)
  2 frilled lizards (D:1)
  7 rats
41 creatures vanquished.

Vanquished Creatures (collateral kills)
  An adder (D:1)
1 creature vanquished.

Grand Total: 42 creatures vanquished

Notes
Turn   | Place    | Note
-------+----------+-------------------------------------------
     0 | D:1      | t4s4d4r the Octopode Transmuter began the quest for the
                  | Orb.
     0 | D:1      | Reached XP level 1. HP: 13/13 MP: 3/3
    81 | D:1      | Reached XP level 2. HP: 18/18 MP: 5/5
   170 | D:1      | Reached skill level 4 in Unarmed Combat
   407 | D:1      | Reached XP level 3. HP: 23/23 MP: 6/6
   808 | D:1      | Learned a level 2 spell: Sticks to Snakes
   812 | D:1      | Learned a level 3 spell: Spider Form
  1208 | D:2      | Reached XP level 4. HP: 16/28 MP: 5/7
  1242 | D:1      | Slain by an adder

Skill      XL: |  1  2 |
---------------+-------+-----
Unarmed Combat | 4 |  4.9
Fighting       | |  1.0
Dodging        | |  2.0
Spellcasting   | |  2.0
Transmutations | |  2.0

Action                   |  1- 3 |  4- 6 || total
-------------------------+-------+-------++-------
Melee: Unarmed           |    84 |     6 ||    90
       Constrict         |    23 |     3 ||    26
       Tentacles         |    13 |       ||    13
       Punch             |     3 |       ||     3
       Kick              |     1 |     3 ||     4
 Cast: Sticks to Snakes  |     2 |     2 ||     4
       Beastly Appendage |     1 |       ||     1
 Stab: Sleeping          |    12 |       ||    12
  Eat: Chunk             |     1 |       ||     1
Armor: Skin              |     2 |     2 ||     4
Dodge: Dodged            |    56 |     9 ||    65
